 Dungeon Sprint DCSS version 0.16.1-28-gcc2312f (webtiles) character file.

592 Kidiri the Basher (level 7, -7/115 (120) HPs)
             Began as a Troll Berserker on May 31, 2015.
             Was a Priest of Trog.
             Mangled by a boulder beetle (14 damage)
             ... in the Dungeon (Sprint II: "The Violet Keep of Menkaure").
             The game lasted 00:03:02 (351 turns).

Kidiri the Basher (Troll Berserker)                  Turns: 351, Time: 00:03:02

HP:   -7/115 (120)  AC:  5    Str: 33    XL:     7   Next: 16%
MP:   3/3           EV: 11    Int:  3    God:    Trog [***...]
Gold: 972           SH:  0    Dex:  9    Spells: 0 memorised, 6 levels left

rFire  . . .     SeeInvis .     a - +0 mace
rCold  . . .     Clarity  .     b - +0 animal skin
rNeg   . . .     SustAb   .     (shield restricted)
rPois  .         Gourm    +     (helmet restricted)
rElec  .         Spirit   .     (no cloak)
rCorr  .         Warding  .     (gloves unavailable)
rMut   .         NoTele   +     (boots unavailable)
MR     .....                    (no amulet)
Stlth  ..........               (no ring)
                                (no ring)

@: berserking, very quick, not resistant to hostile enchantments, extremely
unstealthy
A: unfitting armour, claws 3, fast metabolism 3, gourmand, regeneration 2,
shaggy fur 1, tough skin 2
a: Burn Spellbooks, Berserk, Trog's Hand, Renounce Religion


You were in the Dungeon.
You worshipped Trog.
Trog was most pleased with you.
You were not hungry.

You visited 1 branch You collected 972 gold pieces.

Inventory:

Hand weapons
 a - a +0 mace (weapon)
Armour
 b - a +0 animal skin (worn)
Scrolls
 i - a scroll of blinking
Potions
 f - a potion of haste
 g - 2 potions of magic
 h - a potion of berserk rage
Comestibles
 c - a meat ration


   Skills:
 * Level 8.1 Fighting
 * Level 8.7 Maces & Flails
 + Level 5.4 Armour
 + Level 5.4 Dodging


You had 6 spell levels left.
You didn't know any spells.

Dungeon Overview and Level Annotations

Branches:
Dungeon (1/1)

Altars:

Annotations:
D exclusion: orange crystal statue


Innate Abilities, Weirdness & Mutations

You are too large for most types of armour.
You have claws for hands.
Your metabolism is lightning-fast.
You like to eat raw meat.
You heal very quickly.
You are covered in fur (AC +1).
You have very tough skin (AC +2).


Message History

You hit the boulder beetle but do no damage.
The boulder beetle hits a rock wall.
The boulder beetle stops rolling.
You hit the boulder beetle but do no damage.
The boulder beetle bites you!!!
You hit the boulder beetle.
The boulder beetle is lightly wounded.
You hit the boulder beetle.
The boulder beetle is lightly wounded.
The boulder beetle bites you!!!
* * * LOW HITPOINT WARNING * * *
Drink which item? (? for menu, Esc to quit)
Okay, then.
Use which ability? (? or * to list)
A red film seems to cover your vision as you go berserk!
You feel yourself moving faster!
You feel mighty!
You feel somewhat more hungry.
You hit the boulder beetle.
The boulder beetle is lightly wounded.
The boulder beetle bites you!
You die...

≈≈§§≈ ≈≈§§§ §§§
≈S§
#≈≈#+++#+++##
#≈≈≈B........#
##'## ##.#B##
#..##@#
####..##### ##
##.###'###.##..#
#.#.##.##...#..#
+###'.<.'.##+..#
#.#.##.##...#
##.###'###.##
####.#.####
#..#..#


You could see a boulder beetle.

Vanquished Creatures
  2 hippogriffs (D)
  4 necrophages (D)
  3 worms (D)
9 creatures vanquished.

Notes
Turn   | Place    | Note
--------------------------------------------------------------
     0 | D        | Kidiri, the Troll Berserker, began the quest for the Orb.
     0 | D        | Reached XP level 1. HP: 22/22 MP: 1/1
    14 | D        | Reached skill level 3 in Fighting
    17 | D        | Reached XP level 2. HP: 14/31 MP: 1/1
    72 | D        | Noticed a boulder beetle
    72 | D        | Noticed a boulder beetle
    76 | D        | Noticed a necrophage
    76 | D        | Noticed a necrophage
    76 | D        | Noticed a necrophage
    76 | D        | Noticed a necrophage
    86 | D        | Killed a necrophage
    86 | D        | Reached skill level 4 in Fighting
    86 | D        | Reached skill level 5 in Maces & Flails
    86 | D        | Reached XP level 3. HP: 41/41 MP: 2/2
    86 | D        | Reached XP level 4. HP: 49/49 MP: 2/2
    88 | D        | Killed a necrophage
    88 | D        | Reached skill level 5 in Fighting
    88 | D        | Reached skill level 6 in Maces & Flails
    88 | D        | Reached XP level 5. HP: 59/59 MP: 2/2
    90 | D        | Killed a necrophage
    90 | D        | Reached skill level 7 in Maces & Flails
   101 | D        | Killed a necrophage
   101 | D        | Reached XP level 6. HP: 35/69 MP: 3/3
   102 | D        | Acquired Trog's second power
   147 | D        | Noticed a hippogriff
   147 | D        | Noticed a hippogriff
   158 | D        | Killed a hippogriff
   158 | D        | Reached skill level 8 in Maces & Flails
   158 | D        | Reached skill level 5 in Armour
   158 | D        | Reached skill level 5 in Dodging
   165 | D        | Killed a hippogriff
   165 | D        | Reached XP level 7. HP: 10/77 MP: 3/3
   314 | D        | Noticed an orange crystal statue
   337 | D        | Noticed a lava snake
   337 | D        | Noticed a lava snake
   351 | D        | Mangled by a boulder beetle

Action                   |  1- 3 |  4- 6 |  7- 9 || total
-------------------------+-------+-------+-------++-------
Melee: Mace              |    18 |    28 |    10 ||    56
Invok: Berserk           |     2 |     1 |     1 ||     4
  Use: Potion            |     1 |     1 |       ||     2
  Eat: Chunk             |       |       |     2 ||     2
       Meat ration       |       |       |     1 ||     1
